 Dungeon Crawl Stone Soup version 0.28-a0-1286-g6bde065e89 (webtiles) character file.

Game seed: 9731212521237486350

241 rogsnak the Conjurer (level 5, 0/36 HPs)
             Began as a Demonspawn Air Elementalist on Dec 26, 2021.
             Slain by an ice beast (3 damage)
             ... on level 4 of the Dungeon.
             The game lasted 00:06:08 (3762 turns).

rogsnak the Conjurer (Demonspawn Air Elementalist)  Turns: 3762, Time: 00:06:09

Health: 0/36       AC:  2    Str:  8    XL:     5   Next: 80%
Magic:  2/9        EV: 12    Int: 19    God:
Gold:   147        SH:  0    Dex: 13    Spells: 9/10 levels left

rFire   . . .      SeeInvis .   k - +0 trident
rCold   . . .      Faith    .   (no shield)
rNeg    . . .      Spirit   .   a - +0 robe
rPois   .          Reflect  .   (no helmet)
rElec   .          Harm     .   (no cloak)
rCorr   .          Rampage  .   (no gloves)
Will    .....                   (no boots)
Stlth   ++........              q - amulet of the acrobat
HPRegen 0.12/turn               (no ring)
MPRegen 0.11/turn               (no ring)

@: no status effects
A: claws 1, weakness stinger 2
a: no special abilities


You were on level 4 of the Dungeon.
You visited 1 branch of the dungeon, and saw 4 of its levels.

You collected 147 gold pieces.

Inventory:

Hand Weapons
 c - a +0 club
 d - a +0 short sword
 k - a +0 trident (weapon)
Armour
 a - a +0 robe (worn)
Jewellery
 n - a ring of ice
 q - an amulet of the acrobat (around neck)
Scrolls
 g - 3 scrolls of summoning {unknown}
 h - a scroll of immolation {unknown}
 i - a scroll of teleportation {unknown}
 j - 2 scrolls of enchant armour {unknown}
 l - 2 scrolls of identify {unknown}
 m - a scroll of silence {unknown}
Potions
 b - a potion of resistance {unknown}
 e - 2 potions of attraction {unknown}
 f - a potion of curing {unknown}
 o - a potion of lignification {unknown}
 p - a potion of heal wounds {unknown}


   Skills:
 + Level 0.4 Fighting
 - Level 0.1 Short Blades
 + Level 2.1 Dodging
 - Level 1.7 Stealth
 + Level 3.3 Spellcasting
 * Level 3.7 Conjurations
 + Level 3.7 Air Magic


You had 9 spell levels left.
You knew the following spells:

 Your Spells              Type           Power      Damage    Failure   Level
a - Shock                 Conj/Air       68%        1d7       3%          1

Your spell library contained the following spells:

 Spells                   Type           Power      Damage    Failure   Level
 Static Discharge         Conj/Air       17%        N/A       4%          2
 Swiftness                Air            17%        N/A       10%         3
 Airstrike                Air            8%         N/A       32%         4


Dungeon Overview and Level Annotations

Branches:
Dungeon (4/15)
 Temple: D:4-7

Altars:


Innate Abilities, Weirdness & Mutations

You have sharp fingernails.
You have a tail ending in a sharp stinger.


Message History

Casting: Shock (safe; 3% risk of failure)
Confirm with . or Enter, or press ? or * to list all spells.
Aiming: Shock (safe; 3% risk of failure)
Press: ? - help, Shift-Dir - straight line, f/p - ice beast
Aim: an ice beast (lightly wounded, 71% to hit)
The zap misses the ice beast.
The zap hits the ice beast.
The ice beast is moderately wounded.
The ice beast barely misses you.
Casting: Shock (safe; 3% risk of failure)
Confirm with . or Enter, or press ? or * to list all spells.
Aiming: Shock (safe; 3% risk of failure)
Press: ? - help, Shift-Dir - straight line, f/p - ice beast
Aim: an ice beast (moderately wounded, 71% to hit)
The zap hits the ice beast.
The ice beast is moderately wounded.
The zap hits the ice beast.
The ice beast is heavily wounded.
The ice beast hits you. The ice beast freezes you!
Casting: Shock (safe; 3% risk of failure)
Confirm with . or Enter, or press ? or * to list all spells.
Aiming: Shock (safe; 3% risk of failure)
Press: ? - help, Shift-Dir - straight line, f/p - ice beast
Aim: an ice beast (heavily wounded, 71% to hit)
The zap hits the ice beast.
The ice beast is heavily wounded.
The zap hits the ice beast but does no damage.
The ice beast is heavily wounded.
The ice beast hits you. The ice beast freezes you!
* * * LOW HITPOINT WARNING * * *
Casting: Shock (safe; 3% risk of failure)
Confirm with . or Enter, or press ? or * to list all spells.
Aiming: Shock (safe; 3% risk of failure)
Press: ? - help, Shift-Dir - straight line, f/p - ice beast
Aim: an ice beast (heavily wounded, 71% to hit)
The zap hits the ice beast.
The ice beast is heavily wounded.
The zap hits the ice beast.
The ice beast is heavily wounded.
The ice beast hits you.
You die...

. ## .# ##. #...#
.. #..##...####.#
..##............
...#....#.....
..........#...#
..........#...#
..........@...#
..........Y...#
.............# .
#.#......[[.#
..##(.....##<##
...........####
..........#####
.......##...##.###
.................##


You could see an ice beast.

Vanquished Creatures
  A hound (D:3)
  3 orc wizards (D:4)
  A howler monkey skeleton (D:4)
  7 adders
  A worm (D:2)
  An orc (D:4)
  6 ball pythons
  3 bats
  6 endoplasms
  2 giant cockroaches (D:3)
  5 hobgoblins
  10 jackals
  3 kobolds
  2 quokkas
  A frilled lizard (D:3)
  4 goblins
  3 rats (D:2)
59 creatures vanquished.

Notes
Turn   | Place    | Note
-------+----------+-------------------------------------------
     0 | D:1      | rogsnak the Demonspawn Air Elementalist began the quest for
                  | the Orb.
     0 | D:1      | Reached XP level 1. HP: 13/13 MP: 3/3
   364 | D:1      | Discovered your monstrous ancestry.
   364 | D:1      | Gained mutation: You have a small tail. [demonic ancestry]
   364 | D:1      | Reached XP level 2. HP: 16/19 MP: 0/5
  1078 | D:2      | Found a faded altar of an unknown god.
  1089 | D:2      | Gained mutation: You have a tail ending in a sharp stinger.
                  | [demonic ancestry]
  1089 | D:2      | Reached XP level 3. HP: 24/24 MP: 2/6
  1684 | D:2      | Reached XP level 4. HP: 30/30 MP: 5/8
  3347 | D:3      | Gained mutation: You have sharp fingernails. [demonic
                  | ancestry]
  3347 | D:3      | Reached XP level 5. HP: 27/35 MP: 5/9
  3637 | D:4      | Noticed an ice beast
  3762 | D:4      | Slain by an ice beast

Illustrated notes

Levels and vault maps discovered:
D:1:      dpeg_arrival_tiny_i, layout_rooms, nicolae_figureground_pulse
D:2:      layout_loops_ring, hellmonk_ecumenical_altar_crossroads,
          minmay_misc_feat_doors
D:3:      layout_loops_corners, corexii_item_surrounded_by_moat
D:4:      layout_cave_pools

Skill      XL: |  1  2  3  4 |
---------------+-------------+-----
Air Magic      | 3 |  3.7
Dodging        | 2 |  2.1
Conjurations   | 2 3 |  3.7
Spellcasting   | 3 |  3.3
Fighting       | |  0.4
Short Blades   | |  0.1
Stealth        | |  1.7

Action                   |  1- 3 |  4- 6 || total
-------------------------+-------+-------++-------
Melee: Short sword       |    19 |       ||    19
       Tailslap          |     3 |     3 ||     6
       Trident           |     7 |    25 ||    32
 Cast: Shock             |    72 |    71 ||   143
Armor: Robe              |     3 |     8 ||    11
Dodge: Dodged            |    20 |    34 ||    54

Table legend: (Time is in decaauts)
 A = Elapsed time spent in this place.
 B = Non-inter-level travel time spent in this place.
 C = Inter-level travel time spent in this place.
 D = Time resting spent in this place.
 E = Time spent auto-exploring this place.
 F = Levels seen in this place.
 G = Mean time per level.
                   A        B        C        D        E       F      G
               +--------+--------+--------+--------+--------+-----+--------+
         Total |   3775 |   3716 |     59 |    701 |   2521 |   4 |  943.8 |
       Dungeon |   3775 |   3716 |     59 |    701 |   2521 |   4 |  943.8 |
               +--------+--------+--------+--------+--------+-----+--------+

Top non-repeatable levels by time:
     D:3: 1434 daAuts
     D:2: 1220 daAuts
     D:1: 918 daAuts
     D:4: 202 daAuts
